[Event "58th Akiba Rubinstein C 2022"]
[Site "Polanica-Zdroj"]
[Date "2022.08.17"]
[Round "5.13"]
[White "Litwin, Tomasz"]
[Black "Poniewierski, Piotr"]
[Result "0-1"]
[ECO "A00"]
[WhiteElo "1580"]
[BlackElo "1747"]
[Annotator "NA RC"]
[PlyCount "118"]
[EventDate "2022.08.13"]
[EventCountry "POL"]
[SourceTitle "playchess.com"]
[Source "ChessBase"]
[SourceQuality "1"]
[TimeControl "40/5400+30:1800+30"]

1. b4 d5 2. Bb2 Nf6 3. e3 Bf5 4. c4 c6 5. a4 dxc4 6. Bxc4 e6 7. b5 Be7 8. Nf3 O-O 9. O-O cxb5 10. axb5 Bd3 11. Bxd3 Qxd3 12. Nc3 Nbd7 13. Qb1 Qxb1 14. Rfxb1 Rfc8 15. Ra2 a5 16. Ba3 Kf8 17. Kf1 Nb6 18. Bxe7+ Kxe7 19. Rba1 Nc4 20. Na4 Rd8 21. Ke2 Nd5 22. Nd4 Nb4 23. Nc5 Nxa2 24. Rxa2 Nd6 25. f4 Rdc8 26. Na4 Rc1 27. Nb6 Ra7 28. e4 Nc8 29. Na4 f6 30. e5 fxe5 31. fxe5 Ra8 32. Ra3 Na7 33. Nb6 Rd8 34. Rxa5 Nc8 35. Nxc8+ Rcxc8 36. Ke3 Ra8 37. Rxa8 Rxa8 38. Kd3 Rc8 39. Ke3 Kd7 40. Ke4 Rf8 41. Nf3 h6 42. g3 Ra8 43. Nd4 Ra1 44. Nf3 Ra4+ 45. Nd4 Ra1 46. Nf3 g5 47. g4 Rb1 48. Nd4 Rh1 49. Nf3 Rf1 50. Ke3 Rb1 51. Nd4 Ra1 52. Nf3 Ra8 53. Nd4 Rf8 54. Nb3 b6 55. Nd4 Rf4 56. h3 Rf1 57. h4 gxh4 58. Nf3 h3 59. Ke2 Rg1 0-1

[Event "58th Akiba Rubinstein C 2022"]
[Site "Polanica-Zdroj"]
[Date "2022.08.17"]
[Round "5.14"]
[White "Chubar, Vladimir"]
[Black "Urban, Marek"]
[Result "1-0"]
[ECO "D03"]
[WhiteElo "1809"]
[BlackElo "1545"]
[Annotator "NA RC"]
[PlyCount "63"]
[EventDate "2022.08.13"]
[EventCountry "POL"]
[SourceTitle "playchess.com"]
[Source "ChessBase"]
[SourceQuality "1"]
[TimeControl "40/5400+30:1800+30"]

1. d4 Nf6 2. Nf3 d5 3. Bg5 Ne4 4. Bf4 c6 5. Nbd2 Nf6 6. e3 e6 7. Bd3 Nbd7 8. O-O Nh5 9. Ne5 Nxf4 10. exf4 c5 11. c4 Nxe5 12. dxe5 d4 13. Qf3 g6 14. Ne4 Be7 15. g4 Bd7 16. Qh3 Qc7 17. b4 cxb4 18. c5 Bc6 19. Nd6+ Bxd6 20. cxd6 Qa5 21. Qh4 O-O 22. Rfe1 Qa3 23. Rad1 Qxa2 24. f5 Bf3 25. f6 Kh8 26. Qh6 Rg8 27. Rc1 Bc6 28. Be4 Qa4 29. Bxc6 bxc6 30. Red1 b3 31. Rd3 b2 32. Qxh7+ 1-0

[Event "58th Akiba Rubinstein C 2022"]
[Site "Polanica-Zdroj"]
[Date "2022.08.18"]
[Round "6.1"]
[White "Gromczak, Dariusz"]
[Black "Shilov, Sergej"]
[Result "1/2-1/2"]
[ECO "B00"]
[WhiteElo "1906"]
[BlackElo "2048"]
[Annotator "NA RC"]
[PlyCount "114"]
[EventDate "2022.08.13"]
[EventCountry "POL"]
[SourceTitle "playchess.com"]
[Source "ChessBase"]
[SourceQuality "1"]
[TimeControl "40/5400+30:1800+30"]

1. e4 d6 2. d4 Nf6 3. Bd3 Nbd7 4. Nf3 e5 5. c3 g6 6. O-O Bg7 7. Re1 O-O 8. Nbd2 Re8 9. a4 a5 10. Nf1 c6 11. Ng3 Qc7 12. h3 b6 13. Be3 Ba6 14. Bxa6 Rxa6 15. dxe5 Nxe5 16. Nxe5 dxe5 17. Qc2 Raa8 18. Red1 Red8 19. Rxd8+ Rxd8 20. Rd1 Rd7 21. f3 Bf8 22. Ne2 Rxd1+ 23. Qxd1 Nd7 24. Kf2 Kg7 25. Qd2 Bc5 26. b4 Bxe3+ 27. Kxe3 b5 28. axb5 Qb6+ 29. Kd3 Qxb5+ 30. Kc2 axb4 31. cxb4 Qa4+ 32. Kc3 c5 33. Qb2 Qb5 34. bxc5 Qxc5+ 35. Kd2 Qf2 36. Qb5 Nc5 37. Qb8 Nd7 38. Qb5 Nf6 39. Qxe5 Qxg2 40. Qg3 Qxg3 41. Nxg3 Kh6 42. f4 Nh5 43. Ne2 g5 44. f5 f6 45. Ke3 Kg7 46. Kf3 Kf7 47. h4 gxh4 48. Kg4 Ng7 49. Kxh4 Ke7 50. Kg4 Kd6 51. Kf4 h5 52. Nc3 Ne8 53. Nd5 h4 54. Kg4 Ke5 55. Kxh4 Kxe4 56. Nxf6+ Nxf6 57. Kg3 Kxf5 1/2-1/2

[Event "58th Akiba Rubinstein C 2022"]
[Site "Polanica-Zdroj"]
[Date "2022.08.18"]
[Round "6.3"]
[White "Fikus, Zygmunt"]
[Black "Krupa, Jerzy"]
[Result "1-0"]
[ECO "A39"]
[WhiteElo "1891"]
[BlackElo "1771"]
[Annotator "NA RC"]
[PlyCount "31"]
[EventDate "2022.08.13"]
[EventCountry "POL"]
[SourceTitle "playchess.com"]
[Source "ChessBase"]
[SourceQuality "1"]
[TimeControl "40/5400+30:1800+30"]

1. c4 c5 2. Nf3 Nc6 3. g3 g6 4. Bg2 Bg7 5. O-O Nf6 6. Nc3 O-O 7. d4 cxd4 8. Nxd4 a6 9. e3 Qc7 10. b3 d6 11. Bb2 Bg4 12. f3 Bd7 13. Re1 e5 14. Nc2 Be6 15. Kh1 Rfd8 16. e4 1-0

[Event "58th Akiba Rubinstein C 2022"]
[Site "Polanica-Zdroj"]
[Date "2022.08.18"]
[Round "6.4"]
[White "Szylko, Waldemar"]
[Black "Marusenko, Petr"]
[Result "1/2-1/2"]
[ECO "B11"]
[WhiteElo "1911"]
[BlackElo "2075"]
[Annotator "NA RC"]
[PlyCount "132"]
[EventDate "2022.08.13"]
[EventCountry "POL"]
[SourceTitle "playchess.com"]
[Source "ChessBase"]
[SourceQuality "1"]
[TimeControl "40/5400+30:1800+30"]

1. e4 c6 2. Nc3 d5 3. Nf3 Bg4 4. h3 Bh5 5. exd5 cxd5 6. d4 Nc6 7. Bb5 e6 8. g4 Bg6 9. Ne5 Rc8 10. h4 f6 11. Nxg6 hxg6 12. Qd3 Kf7 13. h5 gxh5 14. Rxh5 Rxh5 15. gxh5 Nge7 16. Bf4 Nf5 17. Bxc6 bxc6 18. Ne2 Qa5+ 19. c3 Qb5 20. O-O-O Qxd3 21. Rxd3 c5 22. Ng3 Nxg3 23. Bxg3 cxd4 24. Rxd4 Bc5 25. Rh4 e5 26. Kd2 Rh8 27. b4 Be7 28. Rh2 Ke6 29. a4 Rc8 30. b5 Rc4 31. Rh4 Rc8 32. f3 f5 33. Rh1 Bg5+ 34. f4 Bxf4+ 35. Bxf4 exf4 36. Rg1 Rc7 37. Kd3 Ke5 38. Rf1 Rc4 39. Rg1 f3 40. Rxg7 Rxc3+ 41. Kd2 f2 42. Ke2 Rc2+ 43. Kf1 Kf4 44. Kg2 d4 45. h6 d3 46. h7 d2 47. Rd7 Rc1 48. Kxf2 Rh1 49. Ke2 d1=Q+ 50. Rxd1 Rxh7 51. Rd6 Ke4 52. a5 f4 53. b6 axb6 54. axb6 Rh2+ 55. Kf1 Rb2 56. Rc6 Kf3 57. Rc3+ Kg4 58. Rc6 Kg3 59. Rg6+ Kf3 60. Ke1 Rb1+ 61. Kd2 Kf2 62. Kd3 f3 63. Kc4 Ke3 64. Rf6 f2 65. Kc5 f1=Q 66. Rxf1 Rxf1 1/2-1/2

[Event "58th Akiba Rubinstein C 2022"]
[Site "Polanica-Zdroj"]
[Date "2022.08.18"]
[Round "6.5"]
[White "fainberg, Boris"]
[Black "Bukowska, Katarzyna"]
[Result "1-0"]
[ECO "D35"]
[WhiteElo "2015"]
[BlackElo "1842"]
[Annotator "NA RC"]
[PlyCount "85"]
[EventDate "2022.08.13"]
[EventCountry "POL"]
[SourceTitle "playchess.com"]
[Source "ChessBase"]
[SourceQuality "1"]
[TimeControl "40/5400+30:1800+30"]

1. d4 d5 2. c4 e6 3. Nc3 Nf6 4. cxd5 exd5 5. Bg5 Be7 6. e3 O-O 7. Qc2 Nbd7 8. Nf3 c6 9. Bd3 Re8 10. O-O Nf8 11. Rab1 Bg4 12. Ne5 Bh5 13. b4 a6 14. a4 N6d7 15. Bxe7 Qxe7 16. Nxd7 Qxd7 17. b5 axb5 18. axb5 Bg6 19. Rfc1 Bxd3 20. Qxd3 Ra3 21. h3 Rea8 22. Qe2 Ne6 23. Qg4 g6 24. Qg3 Qd8 25. Qe5 Qg5 26. Qd6 Qd8 27. Qg3 c5 28. Qe5 Qb8 29. Qxd5 cxd4 30. exd4 b6 31. Qc4 Qd8 32. d5 Nc5 33. Rd1 Qd6 34. g3 R8a4 35. Nxa4 Rxg3+ 36. fxg3 Qxg3+ 37. Kf1 Qf3+ 38. Ke1 Qg3+ 39. Kf1 Qf3+ 40. Ke1 Qg3+ 41. Kd2 Qf2+ 42. Kc1 Qe3+ 43. Kb2 1-0

[Event "58th Akiba Rubinstein C 2022"]
[Site "Polanica-Zdroj"]
[Date "2022.08.18"]
[Round "6.6"]
[White "Poniewierski, Piotr"]
[Black "Mazalon, Mariusz"]
[Result "1/2-1/2"]
[ECO "A04"]
[WhiteElo "1747"]
[BlackElo "1994"]
[Annotator "NA RC"]
[PlyCount "58"]
[EventDate "2022.08.13"]
[EventCountry "POL"]
[SourceTitle "playchess.com"]
[Source "ChessBase"]
[SourceQuality "1"]
[TimeControl "40/5400+30:1800+30"]

1. Nf3 b5 2. d4 Bb7 3. g3 e6 4. Bg2 c5 5. b3 cxd4 6. Qxd4 Nf6 7. O-O Nc6 8. Qd2 d5 9. Bb2 Be7 10. c4 dxc4 11. bxc4 b4 12. a3 O-O 13. axb4 Nxb4 14. Nc3 Qc7 15. Rfc1 a6 16. Na4 Rfd8 17. Qe3 Nd7 18. Nd4 Nc5 19. Bxb7 Qxb7 20. Nxc5 Bxc5 21. Qf3 Qxf3 22. Nxf3 a5 23. Rd1 Nc6 24. Rxd8+ Rxd8 25. Bc3 Bb4 26. Bxb4 axb4 27. Ra6 Rc8 28. Ra1 Rd8 29. Ra6 Rc8 1/2-1/2

[Event "58th Akiba Rubinstein C 2022"]
[Site "Polanica-Zdroj"]
[Date "2022.08.18"]
[Round "6.7"]
[White "Twarogiel, Tadeusz"]
[Black "Kawula, Andrzej"]
[Result "0-1"]
[ECO "D02"]
[WhiteElo "1767"]
[BlackElo "1870"]
[Annotator "NA RC"]
[PlyCount "49"]
[EventDate "2022.08.13"]
[EventCountry "POL"]
[SourceTitle "playchess.com"]
[Source "ChessBase"]
[SourceQuality "1"]
[TimeControl "40/5400+30:1800+30"]

1. d4 d5 2. Nf3 e6 3. c3 c5 4. e3 f5 5. g3 Nf6 6. Bg2 Nc6 7. Nbd2 Be7 8. Ne5 Nxe5 9. dxe5 Ng4 10. Nf3 Qc7 11. Qa4+ Bd7 12. Qf4 h6 13. h4 O-O-O 14. Bh3 g5 15. hxg5 hxg5 16. Nxg5 Nxe5 17. Kd1 Bxg5 18. Qxg5 Rdg8 19. Qe7 Ng4 20. Ke1 Nxf2 21. Kxf2 Qxg3+ 22. Ke2 Bb5+ 23. Kd1 Rxh3 24. Rxh3 Qg4+ 25. Kd2 0-1

[Event "58th Akiba Rubinstein C 2022"]
[Site "Polanica-Zdroj"]
[Date "2022.08.18"]
[Round "6.8"]
[White "Zowada, Kazimierz"]
[Black "Wziatek, Marek"]
[Result "1-0"]
[ECO "A43"]
[WhiteElo "2041"]
[BlackElo "1617"]
[Annotator "NA RC"]
[PlyCount "45"]
[EventDate "2022.08.13"]
[EventCountry "POL"]
[SourceTitle "playchess.com"]
[Source "ChessBase"]
[SourceQuality "1"]
[TimeControl "40/5400+30:1800+30"]

1. d4 Nf6 2. Nf3 c5 3. d5 d6 4. Nc3 g6 5. e4 Bg7 6. h3 O-O 7. Bf4 b6 8. Qd2 Re8 9. Bb5 Bd7 10. Be2 b5 11. e5 b4 12. Nd1 Ne4 13. Qe3 dxe5 14. Bxe5 Bxe5 15. Nxe5 f5 16. Bf3 Qc7 17. Qf4 g5 18. Qh2 e6 19. Bxe4 fxe4 20. d6 Qxd6 21. Ne3 Bb5 22. Rd1 Qe7 23. h4 1-0

[Event "58th Akiba Rubinstein C 2022"]
[Site "Polanica-Zdroj"]
[Date "2022.08.18"]
[Round "6.9"]
[White "Krasowski, Slawomir"]
[Black "Wrzos, Waldemar"]
[Result "1-0"]
[ECO "C57"]
[WhiteElo "1855"]
[BlackElo "1610"]
[Annotator "NA RC"]
[PlyCount "85"]
[EventDate "2022.08.13"]
[EventCountry "POL"]
[SourceTitle "playchess.com"]
[Source "ChessBase"]
[SourceQuality "1"]
[TimeControl "40/5400+30:1800+30"]

1. e4 e5 2. Nf3 Nc6 3. Bc4 Nf6 4. Ng5 d5 5. exd5 Nxd5 6. d3 Be7 7. Nxf7 Kxf7 8. Qf3+ Bf6 9. Qxd5+ Qxd5 10. Bxd5+ Be6 11. Bxc6 bxc6 12. Nc3 Bd5 13. f3 Rab8 14. Ne4 Bh4+ 15. Ke2 h6 16. b3 Be7 17. c4 Be6 18. Bb2 Bf6 19. Bc3 Rhd8 20. h4 Bf5 21. g4 Bxe4 22. fxe4 Ke6 23. Raf1 Rd7 24. Rf5 g6 25. Rf3 Rbd8 26. h5 gxh5 27. Rxh5 Bg5 28. Bd2 Rg7 29. Bxg5 Rxg5 30. Rxh6+ Ke7 31. Rxc6 Kd7 32. Ra6 Kc8 33. Rxa7 Kb8 34. Ra5 Rh8 35. Kd2 Rh4 36. Rf5 Rgxg4 37. Rfxe5 Rg7 38. Re6 Rd7 39. Rb5+ Ka7 40. Kc3 Rh3 41. Rd5 Rxd5 42. cxd5 Kb7 43. d6 1-0

[Event "58th Akiba Rubinstein C 2022"]
[Site "Polanica-Zdroj"]
[Date "2022.08.18"]
[Round "6.10"]
[White "Grubiak, Roman"]
[Black "Uscinski, Marek"]
[Result "1-0"]
[ECO "A80"]
[WhiteElo "1637"]
[BlackElo "1824"]
[Annotator "NA RC"]
[PlyCount "45"]
[EventDate "2022.08.13"]
[EventCountry "POL"]
[SourceTitle "playchess.com"]
[Source "ChessBase"]
[SourceQuality "1"]
[TimeControl "40/5400+30:1800+30"]

1. d4 f5 2. Bg5 g6 3. Nc3 d5 4. h4 Bg7 5. Nf3 Nc6 6. e3 a6 7. Bf4 Nf6 8. Ne5 Bd7 9. Nxc6 Bxc6 10. Be5 Qd7 11. Be2 O-O-O 12. a4 Qe6 13. b4 Be8 14. Qd2 Rg8 15. Rb1 Nd7 16. Bf4 Nb6 17. O-O h6 18. b5 a5 19. Na2 Nxa4 20. Qxa5 Nb6 21. c4 dxc4 22. Bxc4 Nxc4 23. Qxc7# 1-0

[Event "58th Akiba Rubinstein C 2022"]
[Site "Polanica-Zdroj"]
[Date "2022.08.18"]
[Round "6.11"]
[White "Gregulski, Zbigniew"]
[Black "Chubar, Vladimir"]
[Result "*"]
[ECO "A40"]
[WhiteElo "1591"]
[BlackElo "1809"]
[Annotator "NA RC"]
[PlyCount "128"]
[EventDate "2022.08.13"]
[EventCountry "POL"]
[SourceTitle "playchess.com"]
[Source "ChessBase"]
[SourceQuality "1"]
[TimeControl "40/5400+30:1800+30"]

1. d4 g6 2. c4 Bg7 3. Nc3 c5 4. Nf3 cxd4 5. Nxd4 Nc6 6. Nxc6 bxc6 7. Bd2 Rb8 8. Qc2 d5 9. cxd5 cxd5 10. e3 Nf6 11. Bb5+ Bd7 12. Bxd7+ Qxd7 13. O-O O-O 14. b3 Rfc8 15. Qd3 e5 16. Rac1 e4 17. Qe2 Ng4 18. f3 exf3 19. Qxf3 d4 20. Nd5 dxe3 21. Bxe3 Nxe3 22. Nxe3 Rxc1 23. Rxc1 Qd2 24. Rc2 Qe1+ 25. Nf1 Rd8 26. g3 h5 27. Kg2 Re8 28. Rf2 Qe6 29. Rd2 Bh6 30. Rc2 Qe1 31. Rf2 Re7 32. Rc2 Bg7 33. Rd2 Kh7 34. Qf2 Qe4+ 35. Qf3 Qe5 36. Rc2 Bf6 37. Rf2 Bg5 38. Nd2 Bxd2 39. Rxd2 Kg7 40. h4 Rc7 41. Re2 Qa1 42. Rf2 Qe5 43. Re2 Qd4 44. Rf2 f5 45. Re2 Rc1 46. Rf2 Ra1 47. Qe2 Qd5+ 48. Qf3 Qd4 49. Qe2 Kf7 50. Qf3 Kf6 51. Qc6+ Kg7 52. Qb7+ Kf6 53. Qc6+ Kg7 54. Qb7+ Kh6 55. Qf3 Kg7 56. Qe2 Qd5+ 57. Qf3 Qd4 58. Qe2 Kf7 59. Qf3 Kf6 60. Qc6+ Kg7 61. Qb7+ Kh6 62. Qf3 Qc5 63. Qf4+ Kh7 64. Qf3 Qc1 *

[Event "58th Akiba Rubinstein C 2022"]
[Site "Polanica-Zdroj"]
[Date "2022.08.18"]
[Round "6.12"]
[White "Nisztuk, Michal"]
[Black "Bobrowski, Piotr"]
[Result "1-0"]
[ECO "B06"]
[WhiteElo "1548"]
[BlackElo "1764"]
[Annotator "NA RC"]
[PlyCount "66"]
[EventDate "2022.08.13"]
[EventCountry "POL"]
[SourceTitle "playchess.com"]
[Source "ChessBase"]
[SourceQuality "1"]
[TimeControl "40/5400+30:1800+30"]

1. e4 g6 2. d4 Bg7 3. c4 e6 4. Nf3 Ne7 5. Nc3 O-O 6. Be2 d6 7. Bg5 h6 8. Bh4 Nd7 9. O-O c6 10. Qd2 Re8 11. d5 exd5 12. cxd5 c5 13. e5 Nxe5 14. Nxe5 Bxe5 15. Qxh6 Nf5 16. Bxd8 Nxh6 17. Bg5 Kg7 18. Bb5 Rh8 19. Ne4 Bf5 20. f3 Bxb2 21. Rab1 Be5 22. Bd3 b6 23. h3 f6 24. Be3 Bxe4 25. Bxe4 f5 26. f4 fxe4 27. fxe5 dxe5 28. Bg5 Rhf8 29. d6 Ng8 30. d7 Nf6 31. Rbd1 Rad8 32. Rd6 e3 33. Rfxf6 e2 1-0

[Event "58th Akiba Rubinstein C 2022"]
[Site "Polanica-Zdroj"]
[Date "2022.08.18"]
[Round "6.13"]
[White "Gromada, Andrzej"]
[Black "Stopka, Tomasz"]
[Result "1-0"]
[ECO "A06"]
[WhiteElo "1680"]
[BlackElo "1355"]
[Annotator "NA RC"]
[PlyCount "34"]
[EventDate "2022.08.13"]
[EventCountry "POL"]
[SourceTitle "playchess.com"]
[Source "ChessBase"]
[SourceQuality "1"]
[TimeControl "40/5400+30:1800+30"]

1. Nf3 d5 2. c4 Nf6 3. cxd5 Qxd5 4. Nc3 Qd8 5. d4 Bf5 6. Qb3 Qc8 7. Bf4 a6 8. Rc1 e6 9. g3 Be7 10. Bg2 h6 11. Nh4 c6 12. Nxf5 exf5 13. Na4 Nbd7 14. d5 b5 15. dxc6 bxa4 16. cxd7+ Qxd7 17. Qb6 Rd8 1-0

[Event "58th Akiba Rubinstein C 2022"]
[Site "Polanica-Zdroj"]
[Date "2022.08.18"]
[Round "6.14"]
[White "Janocha, Jan"]
[Black "Michalik, Marek"]
[Result "1/2-1/2"]
[ECO "B02"]
[WhiteElo "1547"]
[BlackElo "1742"]
[Annotator "NA RC"]
[PlyCount "155"]
[EventDate "2022.08.13"]
[EventCountry "POL"]
[SourceTitle "playchess.com"]
[Source "ChessBase"]
[SourceQuality "1"]
[TimeControl "40/5400+30:1800+30"]

1. e4 Nf6 2. Nc3 d5 3. exd5 Nxd5 4. Nf3 Bg4 5. d4 e6 6. Be2 Bb4 7. Bd2 O-O 8. O-O c5 9. dxc5 Bxc5 10. Ne4 Be7 11. h3 Bh5 12. c3 Qb6 13. b3 Bg6 14. Ng3 Bd6 15. Kh1 Rd8 16. Qc1 Nd7 17. c4 Rac8 18. Nh4 Bxg3 19. Nxg6 Bxf2 20. Nf4 N7f6 21. Bf3 e5 22. Nxd5 Nxd5 23. Qa3 Bc5 24. Qa5 Nf6 25. Qxb6 Bxb6 26. Bg5 Rc7 27. Bxf6 gxf6 28. Bd5 Rd6 29. a4 Re7 30. b4 Bd4 31. Rad1 Kf8 32. Be4 h6 33. c5 Rdd7 34. c6 bxc6 35. Bxc6 Rd6 36. b5 e4 37. Rde1 e3 38. Re2 Bb6 39. g3 Rd2 40. Bf3 Rd4 41. Ra1 Ba5 42. Kg2 f5 43. Ra3 Bd2 44. a5 Rb4 45. Bc6 Rc4 46. a6 Kg7 47. Rd3 Kf6 48. Rd6+ Kg7 49. Bf3 Rcc7 50. Bb7 Ba5 51. b6 Rxb7 52. axb7 Rxb7 53. bxa7 Rxa7 54. Rxe3 f6 55. Red3 Kg6 56. Ra3 Bb6 57. Rxa7 Bxa7 58. Kf3 Bb8 59. Rd8 Be5 60. g4 fxg4+ 61. hxg4 Bc3 62. Rg8+ Kf7 63. Rc8 Be5 64. Ke4 Kg6 65. Re8 Kf7 66. Ra8 Kg6 67. Ra5 Kg5 68. Kf3 Kg6 69. Ra7 Bd4 70. Ra4 Be5 71. Ke4 Kg5 72. Kd5 Kg6 73. Ke6 h5 74. gxh5+ Kxh5 75. Kf5 Kh6 76. Rg4 Bc3 77. Rg6+ Kh7 78. Rxf6 1/2-1/2

[Event "58th Akiba Rubinstein C 2022"]
[Site "Polanica-Zdroj"]
[Date "2022.08.19"]
[Round "7.1"]
[White "Kwiecien, Zbigniew"]
[Black "Shilov, Sergej"]
[Result "0-1"]
[ECO "A41"]
[WhiteElo "1937"]
[BlackElo "2048"]
[Annotator "NA RC"]
[PlyCount "84"]
[EventDate "2022.08.13"]
[EventCountry "POL"]
[SourceTitle "playchess.com"]
[Source "ChessBase"]
[SourceQuality "1"]
[TimeControl "40/5400+30:1800+30"]

1. d4 d6 2. c4 e5 3. dxe5 dxe5 4. Qxd8+ Kxd8 5. Nc3 Be6 6. e4 Nd7 7. Be3 Bb4 8. Rc1 a5 9. a3 Bc5 10. Na4 Bxe3 11. fxe3 Ngf6 12. Bd3 Ke7 13. Nf3 b6 14. Ke2 Rhd8 15. Rhd1 Ne8 16. h3 f6 17. g4 Nc5 18. Nxc5 bxc5 19. Rc3 Rdb8 20. b3 a4 21. Nd2 h5 22. gxh5 Bxh3 23. Rg1 Kf7 24. bxa4 Rxa4 25. Bc2 Ra6 26. a4 Rb2 27. Kf3 Be6 28. Nb3 Rxa4 29. Nxc5 Rxc4 30. Rxc4 Bxc4 31. Rc1 Ke7 32. Ba4 Nd6 33. h6 Be2+ 34. Kg3 gxh6 35. Rh1 Bb5 36. Rxh6 Bxa4 37. Rh7+ Kd8 38. Ne6+ Kc8 39. Rxc7+ Kb8 40. Rc1 Nxe4+ 41. Kf3 f5 42. Ng7 Rf2# 0-1

[Event "58th Akiba Rubinstein C 2022"]
[Site "Polanica-Zdroj"]
[Date "2022.08.19"]
[Round "7.2"]
[White "Fikus, Zygmunt"]
[Black "Gromczak, Dariusz"]
[Result "0-1"]
[ECO "A10"]
[WhiteElo "1891"]
[BlackElo "1906"]
[Annotator "NA RC"]
[PlyCount "98"]
[EventDate "2022.08.13"]
[EventCountry "POL"]
[SourceTitle "playchess.com"]
[Source "ChessBase"]
[SourceQuality "1"]
[TimeControl "40/5400+30:1800+30"]

1. c4 g6 2. g3 Bg7 3. Bg2 e6 4. Nc3 Ne7 5. e4 c5 6. d3 Nbc6 7. Be3 Nd4 8. h4 h5 9. f4 Rb8 10. Nf3 d5 11. O-O Nxf3+ 12. Qxf3 d4 13. f5 exf5 14. Bf4 dxc3 15. Bxb8 cxb2 16. Rab1 O-O 17. Bf4 fxe4 18. dxe4 Qd4+ 19. Kh2 Qxc4 20. Bd6 Re8 21. Qa3 Bd4 22. Rxb2 Bxb2 23. Qxb2 b6 24. Qf6 Qe6 25. Qf4 Nc6 26. Rf2 Nd4 27. Kg1 Qc4 28. Bf1 Qe6 29. Bh3 Ne2+ 30. Rxe2 Qxh3 31. Rf2 Qe6 32. e5 Bb7 33. Rd2 Qh3 34. Rh2 Qe6 35. Rd2 Qh3 36. Rh2 Qd7 37. Rd2 Qc6 38. Rh2 Bc8 39. Rf2 Be6 40. Qg5 Qe4 41. Qf4 Qb1+ 42. Kh2 Bd5 43. Rf1 Qxa2+ 44. Rf2 Qb1 45. Rf1 Qc2+ 46. Rf2 Qd1 47. Rf1 Qd3 48. e6 Qe2+ 49. Rf2 Qxe6 0-1

[Event "58th Akiba Rubinstein C 2022"]
[Site "Polanica-Zdroj"]
[Date "2022.08.19"]
[Round "7.3"]
[White "Kawula, Andrzej"]
[Black "fainberg, Boris"]
[Result "1/2-1/2"]
[ECO "E16"]
[WhiteElo "1870"]
[BlackElo "2015"]
[Annotator "NA RC"]
[PlyCount "161"]
[EventDate "2022.08.13"]
[EventCountry "POL"]
[SourceTitle "playchess.com"]
[Source "ChessBase"]
[SourceQuality "1"]
[TimeControl "40/5400+30:1800+30"]

1. d4 Nf6 2. c4 e6 3. Nf3 Bb4+ 4. Bd2 Qe7 5. Nc3 b6 6. e3 Bb7 7. Bd3 O-O 8. O-O d5 9. cxd5 exd5 10. Rc1 a6 11. Ne5 Bd6 12. f4 c5 13. Ne2 Nc6 14. Ng3 g6 15. Qf3 Rac8 16. Nxc6 Bxc6 17. f5 Bb5 18. Bxb5 axb5 19. Rce1 Bxg3 20. hxg3 Ne4 21. Bc1 Rc6 22. g4 Qh4 23. Qh3 Qg3 24. Rd1 Rd8 25. Bd2 b4 26. Be1 Qxh3 27. gxh3 Rcc8 28. fxg6 fxg6 29. Rf4 Ra8 30. dxc5 Nxc5 31. Rxb4 Rxa2 32. Rxb6 Ne4 33. Rb5 Kf7 34. Rbxd5 Rxd5 35. Rxd5 Rxb2 36. Re5 Nd6 37. Bh4 h6 38. Re7+ Kf8 39. Re6 Nc4 40. Rxg6 h5 41. Bf2 hxg4 42. Rxg4 Ne5 43. Rf4+ Kg8 44. Kg2 Nd3 45. Rf5 Kg7 46. Kg3 Kg6 47. Rf8 Kg7 48. Rf3 Re2 49. Kg2 Rc2 50. Kf1 Kg6 51. Bg3 Nc5 52. Rf4 Ne6 53. Rg4+ Kh5 54. Rh4+ Kg6 55. Ra4 Kf5 56. h4 Nc5 57. Rf4+ Kg6 58. Rd4 Kf5 59. Rf4+ Kg6 60. Rd4 Kf5 61. Bf4 Kg4 62. Bg5+ Kf3 63. Rf4+ Kxe3 64. Rc4+ Kd3 65. Rxc2 Kxc2 66. Ke2 Kc3 67. Ke3 Kc4 68. Kf4 Kd5 69. Kf5 Ne6 70. Bf6 Nf8 71. h5 Kd6 72. Bb2 Ke7 73. h6 Kf7 74. Bg7 Ne6 75. Be5 Nf8 76. Bd4 Nh7 77. Bg7 Nf8 78. Bxf8 Kxf8 79. Kg6 Kg8 80. h7+ Kh8 81. Kh6 1/2-1/2

[Event "58th Akiba Rubinstein C 2022"]
[Site "Polanica-Zdroj"]
[Date "2022.08.19"]
[Round "7.4"]
[White "Marusenko, Petr"]
[Black "Pyka, Roman"]
[Result "1-0"]
[ECO "A48"]
[WhiteElo "2075"]
[BlackElo "1881"]
[Annotator "NA RC"]
[PlyCount "75"]
[EventDate "2022.08.13"]
[EventCountry "POL"]
[SourceTitle "playchess.com"]
[Source "ChessBase"]
[SourceQuality "1"]
[TimeControl "40/5400+30:1800+30"]

1. d4 Nf6 2. Nf3 g6 3. Bf4 Bg7 4. c3 d5 5. h3 c6 6. e3 Qb6 7. Qc1 Bf5 8. Nbd2 Nbd7 9. g4 Be4 10. Nxe4 Nxe4 11. Bd3 Nd6 12. O-O O-O 13. b3 c5 14. Ne5 Nxe5 15. dxe5 Nb5 16. Be2 Nc7 17. Bg3 Rac8 18. Qd2 Rfd8 19. Rad1 f6 20. exf6 Qxf6 21. c4 d4 22. e4 e5 23. f4 Qe7 24. f5 Bf6 25. Qe1 Bg5 26. Kg2 Rf8 27. Bd3 Be3 28. h4 Rce8 29. Rf3 g5 30. hxg5 Qxg5 31. Bh4 Qg7 32. Qg3 h6 33. Rdf1 Bg5 34. f6 Qf7 35. Bxg5 hxg5 36. Rh1 Qg6 37. Qh3 Kf7 38. Qh7+ 1-0

[Event "58th Akiba Rubinstein C 2022"]
[Site "Polanica-Zdroj"]
[Date "2022.08.19"]
[Round "7.5"]
[White "Poniewierski, Piotr"]
[Black "Zowada, Kazimierz"]
[Result "1/2-1/2"]
[ECO "E67"]
[WhiteElo "1747"]
[BlackElo "2041"]
[Annotator "NA RC"]
[PlyCount "79"]
[EventDate "2022.08.13"]
[EventCountry "POL"]
[SourceTitle "playchess.com"]
[Source "ChessBase"]
[SourceQuality "1"]
[TimeControl "40/5400+30:1800+30"]

1. Nf3 g6 2. g3 Bg7 3. d4 d6 4. c4 Nf6 5. Bg2 O-O 6. O-O Nbd7 7. Nc3 e5 8. h3 a5 9. Re1 Re8 10. e4 exd4 11. Nxd4 Nc5 12. b3 Bd7 13. Kh2 c6 14. f3 Qc7 15. Be3 Re7 16. Qd2 Rae8 17. Bf2 h5 18. Rad1 h4 19. Nde2 Nh5 20. g4 Be5+ 21. Kg1 Ng3 22. Qh6 Ne6 23. f4 Nxf4 24. Nxf4 Bxc3 25. Qxh4 Nxe4 26. Bxe4 Rxe4 27. Rxe4 Rxe4 28. Qg5 Bg7 29. Nd3 c5 30. Nf4 Bc6 31. Nd5 Bxd5 32. Qxd5 Re6 33. Bg3 Bd4+ 34. Bf2 Bxf2+ 35. Kxf2 Qe7 36. Qd2 Rf6+ 37. Kg3 Qe5+ 38. Kh4 Qe7 39. Kg3 Qe5+ 40. Kh4 1/2-1/2

[Event "58th Akiba Rubinstein C 2022"]
[Site "Polanica-Zdroj"]
[Date "2022.08.19"]
[Round "7.6"]
[White "Mazalon, Mariusz"]
[Black "Gromada, Andrzej"]
[Result "1/2-1/2"]
[ECO "E11"]
[WhiteElo "1994"]
[BlackElo "1680"]
[Annotator "NA RC"]
[PlyCount "52"]
[EventDate "2022.08.13"]
[EventCountry "POL"]
[SourceTitle "playchess.com"]
[Source "ChessBase"]
[SourceQuality "1"]
[TimeControl "40/5400+30:1800+30"]

1. d4 e6 2. Nf3 Nf6 3. c4 Bb4+ 4. Nbd2 b6 5. g3 Bb7 6. Bg2 O-O 7. O-O d5 8. cxd5 exd5 9. a3 Bd6 10. b3 Re8 11. Bb2 Nbd7 12. Re1 a5 13. Qc2 Rc8 14. Nh4 g6 15. Nc4 Bf8 16. Ne5 c5 17. Nxd7 Qxd7 18. dxc5 Bxc5 19. Qd3 Ne4 20. e3 Rcd8 21. Rad1 Qd6 22. a4 Qe6 23. Bxe4 Qxe4 24. Bd4 Bb4 25. Bxb6 Qxd3 26. Rxd3 Bxe1 1/2-1/2